 Dungeon Crawl Stone Soup version 0.30-a0-223-gcb0039aa0c (webtiles) character file.

Game seed: 12380562893432888998

51 themarg the Insei (level 3, -1/28 HPs)
             Began as a Gnoll Transmuter on Oct 10, 2022.
             Was a Believer of Jiyva.
             Slain by Terence
             ... wielding a +0 flail
              (17 damage)
             ... on level 2 of the Dungeon.
             The game lasted 00:05:02 (1070 turns).

themarg the Insei (Gnoll Transmuter)                Turns: 1070, Time: 00:05:02

Health: -1/28      AC:  2    Str:  9    XL:     3   Next: 81%
Magic:  5/9        EV: 22    Int: 14    God:    Jiyva [**....]
Gold:   74         SH:  0    Dex: 17    Spells: 6/12 levels left

rFire   . . .      SeeInvis .      - Unarmed
rCold   . . .      Faith    .    (shield currently unavailable)
rNeg    . . .      Spirit   .    (body armour currently unavailable)
rPois   x          Reflect  .    (helmet currently unavailable)
rElec   .          Harm     .    (cloak currently unavailable)
rCorr   +          Rampage  .    (gloves currently unavailable)
Will    .....                    (boots currently unavailable)
Stlth   ++........               (no amulet)
HPRegen 1.20/turn                (no ring)
MPRegen 0.41/turn                (no ring)

@: spider-form, very slightly contaminated
A: venomous fangs, tiny, (fangs 1), strong nose, distributed training
a: End Transformation, Renounce Religion


You were on level 2 of the Dungeon.
You worshipped Jiyva.
Jiyva was pleased with you.
You were a venomous arachnid creature.
You visited 1 branch of the dungeon, and saw 2 of its levels.

You collected 74 gold pieces.

Inventory:

Hand Weapons
 d - a +0 vampiric dagger (melded)
Armour
 a - a +0 robe (melded)
 c - a +0 pair of gloves
Scrolls
 e - a scroll of poison {unknown}
 g - 2 scrolls of identify {unknown}
 h - a scroll of enchant weapon {unknown}
 i - a scroll of butterflies {unknown}
Potions
 b - a potion of lignification
 f - 2 potions of might
 j - a potion of mutation {unknown}


   Skills:
 + Level 2.7 Fighting
 + Level 1.0 Short Blades
 + Level 1.0 Long Blades
 + Level 1.0 Axes
 + Level 1.0 Maces & Flails
 + Level 1.0 Polearms
 + Level 1.0 Staves
 + Level 1.0 Ranged Weapons
 + Level 1.0 Throwing
 + Level 1.0 Armour
 + Level 4.6 Dodging
 + Level 1.0 Stealth
 + Level 1.0 Shields
 + Level 6.5 Unarmed Combat
 + Level 5.0 Spellcasting
 + Level 0.7 Conjurations
 + Level 0.7 Hexes
 + Level 0.7 Summonings
 + Level 0.7 Necromancy
 + Level 0.7 Translocations
 + Level 3.8 Transmutations
 + Level 0.7 Fire Magic
 + Level 0.7 Ice Magic
 + Level 0.7 Air Magic
 + Level 0.7 Earth Magic
 + Level 0.7 Poison Magic
 + Level 1.1 Invocations
 + Level 1.0 Evocations


You had 6 spell levels left.
You knew the following spells:

 Your Spells              Type           Power      Damage    Failure   Level
a - Beastly Appendage     Tmut           28%        N/A       12%         1
b - Wereblood             Tmut           14%        N/A       16%         2
c - Spider Form           Tmut/Pois      9%         N/A       41%         3

Your spell library contained the following spells:

 Spells                   Type           Power      Damage    Failure   Level
 Ice Form                 Ice/Tmut       9%         N/A       77%         4


Dungeon Overview and Level Annotations

Branches:
Dungeon (2/15)

Altars:
Jiyva

Shops:
D:1 (

Annotations:
D:2 Terence


Innate Abilities, Weirdness & Mutations

You are a venomous arachnid creature.
You have poisonous fangs.
You are tiny and dextrous.
Your spellcasting is less reliable in this form.
Your armour is entirely melded.
You are incapable of wielding weapons or throwing items.
((You have very sharp teeth.))
Your uncanny sense of smell can sniff out nearby items.
Your experience applies equally to all skills.


Message History

You hear a distant slurping noise.
You hear a distant slurping noise.
Your transformation is almost over.
You hear a distant slurping noise. x2
Your horns disappear.
Your talons disappear.
You hear a distant slurping noise.
g - 2 scrolls labelled KAWNEKH EXZOSS (gained 1)
Found a stone staircase leading up.
You hear a distant slurping noise.
Terence the Incautious comes into view.
He is wielding a +0 flail.
Found a scroll labelled LYFRUFUKUA.
Casting: Beastly Appendage (safe; 3% risk of failure)
Confirm with . or Enter, or press ? or * to list all spells.
The spell is quite dangerous to miscast (21% risk of failure)!
Continue anyway?
You miscast Spider Form.
You are very lightly contaminated with residual magic.
Nothing appears to happen.
Terence shouts!
Casting: Spider Form (quite dangerous; 21% risk of failure)
Confirm with . or Enter, or press ? or * to list all spells.
The spell is quite dangerous to miscast (21% risk of failure)!
Continue anyway?
You turn into a venomous arachnid creature.
Your +0 vampiric dagger melds into your body.
Your +0 robe melds into your body.
You feel the dreadful sensation subside.
You hear a distant slurping noise.
Terence hits you with a +0 flail.
You hit Terence.
Terence is poisoned.
Terence is moderately wounded.
Terence drinks a potion.
Terence seems to grow stronger.
You hit Terence.
Terence looks as sick as possible!
Terence is heavily wounded.
You hear a slurping noise.
Terence hits you with a +0 flail!
Ouch! That really hurt!
You barely miss Terence.
Terence is heavily wounded.
Terence hits you with a +0 flail!
Ouch! That really hurt!
You die...

## .# #............
.# .##............
..# ..#............
###.<#..........
..#.##......#
#...........#
#..##...#
#.######.##.#.#
#......#....#s#
######.#.####@J#
#...# ##..# ##..#
#.# #######
#...##### .#
......###..........#
#####......#..#### #
#####..##.... ∆
....####.#


You could see Terence (strong, extremely poisoned) and a neutral jelly
(wandering) (fellow slime).

Vanquished Creatures
  2 adders (D:2)
  A dart slug (D:1)
  3 ball pythons
  An endoplasm (D:1)
  A giant cockroach (D:1)
  3 goblins (D:1)
  3 hobgoblins (D:1)
  4 jackals (D:1)
  2 quokkas (D:1)
  2 bats (D:1)
  2 kobolds (D:1)
  4 rats
28 creatures vanquished.

Notes
Turn   | Place    | Note
-------+----------+-------------------------------------------
     0 | D:1      | themarg the Gnoll Transmuter began the quest for the Orb.
     0 | D:1      | Reached XP level 1. HP: 17/17 MP: 6/6
    96 | D:1      | Reached XP level 2. HP: 10/23 MP: 5/7
   215 | D:1      | Learned a level 2 spell: Wereblood
   418 | D:1      | Found a faded altar of an unknown god.
   435 | D:1      | Prayed at the altar of an unknown god.
   435 | D:1      | Became a worshipper of Jiyva Jauhy the Shapeless
   435 | D:1      | Reached * piety under Jiyva
   447 | D:1      | Reached skill level 5 in Spellcasting
   447 | D:1      | Reached XP level 3. HP: 28/28 MP: 7/9
   451 | D:1      | Learned a level 3 spell: Spider Form
   491 | D:1      | Found Ymodira Cikh's Weapon Emporium.
   872 | D:2      | Reached skill level 1 in Invocations
   894 | D:2      | Reached ** piety under Jiyva
   954 | D:2      | Reached skill level 1 in Short Blades
   954 | D:2      | Reached skill level 1 in Long Blades
   954 | D:2      | Reached skill level 1 in Axes
   954 | D:2      | Reached skill level 1 in Maces & Flails
   954 | D:2      | Reached skill level 1 in Polearms
   954 | D:2      | Reached skill level 1 in Staves
   954 | D:2      | Reached skill level 1 in Ranged Weapons
   954 | D:2      | Reached skill level 1 in Throwing
   954 | D:2      | Reached skill level 1 in Armour
   954 | D:2      | Reached skill level 1 in Stealth
   954 | D:2      | Reached skill level 1 in Shields
   954 | D:2      | Reached skill level 1 in Evocations
  1063 | D:2      | Noticed Terence
  1070 | D:2      | Slain by Terence

Illustrated notes

Levels and vault maps discovered:
D:1:      saegor_arrival_simple_d, layout_loops_ring, serial_shops, shop,
          chequers_ecumenical_altar_simple_redux, minmay_misc_feat_four_crosses,
          due_unseen_surprise
D:2:      layout_rooms, uniq_terence

Skill      XL: |  1  2  3 |
---------------+----------+-----
Spellcasting   | 5 |  5.0
Invocations    | 1 |  1.1
Short Blades   | 1 |  1.0
Long Blades    | 1 |  1.0
Axes           | 1 |  1.0
Maces & Flails | 1 |  1.0
Polearms       | 1 |  1.0
Staves         | 1 |  1.0
Ranged Weapons | 1 |  1.0
Throwing       | 1 |  1.0
Armour         | 1 |  1.0
Stealth        | 1 |  1.0
Shields        | 1 |  1.0
Evocations     | 1 |  1.0
Fighting       | |  2.7
Dodging        | |  4.6
Unarmed Combat | |  6.5
Conjurations   | |  0.7
Hexes          | |  0.7
Summonings     | |  0.7
Necromancy     | |  0.7
Translocations | |  0.7
Transmutations | |  3.8
Fire Magic     | |  0.7
Ice Magic      | |  0.7
Air Magic      | |  0.7
Earth Magic    | |  0.7
Poison Magic   | |  0.7

Action                   || total
-------------------------++-------
Melee: Unarmed           ||    40
       Kick              ||    12
       Headbutt          ||     5
       Punch             ||     4
       Dagger            ||    49
       Bite              ||     8
 Cast: Beastly Appendage ||    20
       Spider Form       ||     2
 Stab: Sleeping          ||     3
Armor: Robe              ||    11
Dodge: Dodged            ||    53

Table legend: (Time is in decaauts)
 A = Elapsed time spent in this place.
 B = Non-inter-level travel time spent in this place.
 C = Inter-level travel time spent in this place.
 D = Time resting spent in this place.
 E = Time spent auto-exploring this place.
 F = Levels seen in this place.
 G = Mean time per level.
                   A        B        C        D        E       F      G
               +--------+--------+--------+--------+--------+-----+--------+
         Total |   1063 |   1052 |     11 |     42 |    780 |   2 |  531.5 |
       Dungeon |   1063 |   1052 |     11 |     42 |    780 |   2 |  531.5 |
               +--------+--------+--------+--------+--------+-----+--------+

Top non-repeatable levels by time:
     D:1: 838 daAuts
     D:2: 225 daAuts
